 Dungeon Crawl Stone Soup version 0.30.1-3-gfc49f6343a (webtiles) character file.

Game seed: 13460750947859443957

7093 spardeous the Placeless Demigod (level 10, -6/69 HPs)
             Began as a Demigod Conjurer on Aug 2, 2023.
             Killed by divine providence
             ... invoked by an orc priest
              (13 damage)
             ... on level 11 of the Dungeon.
             The game lasted 00:22:22 (14431 turns).

spardeous the Placeless Demigod (Demigod Conjurer) Turns: 14431, Time: 00:22:22

Health: -6/69      AC: 12    Str: 20    XL:     10   Next: 54%
Magic:  10/24      EV:  8    Int: 32    God:
Gold:   558        SH:  5    Dex: 12    Spells: 10/23 levels left

rFire   . . .        E - +2 hand axe (heavy)
rCold   . . .        w - +2 buckler
rNeg    . . .        r - +0 chain mail
rPois   .            y - +0 helmet
rElec   .            (no cloak)
rCorr   .            (no gloves)
SInv    .            I - +2 pair of boots {rampage}
Will    +....        (no amulet) Stlth
                     n - +6 ring of strength
HPRegen 0.31/turn    G - +6 ring of strength
MPRegen 0.19/turn

%: rampage
@: very slightly contaminated
A: high MP 1, forlorn, divine attributes
a: no special abilities


You were on level 11 of the Dungeon.
You visited 1 branch of the dungeon, and saw 11 of its levels.
You also visited: Bailey.

You collected 749 gold pieces.
You spent 191 gold pieces at shops.

Inventory:

Hand Weapons
 o - a +0 heavy spear
 E - a +2 heavy hand axe (weapon)
 P - a +1 demon whip of venom
Armour
 a - a +0 robe
 m - a +0 leather armour
 r - a +0 chain mail (worn)
 w - a +2 buckler (worn)
 y - a +0 helmet (worn)
 C - the +5 robe of Misfortune {Harm *Corrode *Slow EV+5}
   (You found it on level 6 of the Dungeon)

   EV:        It affects your evasion (+5).
   *Corrode:  It may corrode you when you take damage.
   *Slow:     It may slow you when you take damage.
   Harm:      It increases damage dealt and taken.
 I - a +2 pair of boots of rampaging (worn)
 K - a +0 crystal plate armour
Jewellery
 n - a +6 ring of strength (left hand)
 A - a +5 ring of evasion
 F - a ring of magical power
 G - a +6 ring of strength (right hand)
 O - a ring of magical power
 S - a ring of ice
Wands
 H - a wand of iceblast (9)
 L - a wand of mindburst (1)
 N - a wand of flame (33)
 Q - a wand of light (7)
Scrolls
 c - 3 scrolls of blinking
 d - 7 scrolls of teleportation {unknown}
 k - a scroll of magic mapping {unknown}
 p - a scroll of fog {unknown}
 q - 2 scrolls of enchant armour {unknown}
 s - 8 scrolls of identify {unknown}
 x - 2 scrolls of enchant weapon {unknown}
 B - a scroll of poison {unknown}
 M - a scroll of vulnerability {unknown}
 R - a scroll of noise {unknown}
Potions
 b - 2 potions of magic
 e - a potion of mutation {unknown}
 f - 2 potions of flight {unknown}
 g - 2 potions of degeneration
 h - a potion of resistance {unknown}
 i - 4 potions of curing
 j - a potion of might {unknown}
 l - a potion of invisibility {unknown}
 t - a potion of ambrosia
 u - 2 potions of attraction
 v - 2 potions of brilliance {unknown}
 z - a potion of haste {unknown}
 D - 2 potions of lignification {unknown}
Miscellaneous
 J - a box of beasts


   Skills:
 - Level 1.7 Dodging
 - Level 1.7 Stealth
 - Level 7.2 Spellcasting
 - Level 7.1 Conjurations
 - Level 10.6 Translocations
 + Level 3.3 Transmutations
 + Level 3.3 Earth Magic


You had 10 spell levels left.
You knew the following spells:

 Your Spells              Type           Power      Damage    Failure   Level
a - Magic Dart            Conj           100%       1d8       2%          1
b - Searing Ray           Conj           100%       2d8       3%          2
c - Iskenderun's Mystic   Conj/Tloc      62%        2d13      12%         4
d - Stone Arrow           Conj/Erth      90%        3d12      16%         3
e - Spider Form           Tmut/Pois      22%        N/A       58%         3

Your spell library contained the following spells:

 Spells                   Type           Power      Damage    Failure   Level
 Lesser Beckoning         Tloc           100%       N/A       1%          2
 Gell's Gravitas          Tloc           68%        N/A       1%          3
 Teleport Other           Tloc           68%        N/A       1%          3
 Shock                    Conj/Air       100%       1d9       11%         1
 Beastly Appendage        Tmut           66%        N/A       12%         1
 Sandblast                Erth           66%        2d15      12%         1
 Passwall                 Tmut/Erth      27%        N/A       19%         2
 Wereblood                Tmut           33%        N/A       19%         2
 Dazzling Flash           Conj/Hex       68%        N/A       32%         3
 Slow                     Hex            44%        N/A       43%         1
 Cigotuvi's Dreadful Rot  Necr/Pois/Air  22%        N/A       58%         2
 Ignite Poison            Fire/Tmut/Pois 18%        N/A       65%         3
 Fulminant Prism          Conj/Hex       17%        3d11      73%         4
 Confusing Touch          Hex            11%        N/A       82%         3
 Swiftness                Air            11%        N/A       82%         3
 Vampiric Draining        Necr           11%        2d6       82%         3
 Airstrike                Air            5%         2d(1-17)  99%         4
 Summon Ice Beast         Ice/Summ       11%        N/A       99%         4
 Freezing Cloud           Conj/Ice/Air   13%        6-21      99%         5
 Summon Mana Viper        Hex/Summ       11%        N/A       100%        5
 Monstrous Menagerie      Summ           5%         N/A       100%        7


Dungeon Overview and Level Annotations

Branches:
Dungeon (11/15)            Temple (0/1) D:7            Lair (0/5) D:9
    Orc (0/2) D:11         Bailey (visited)

Shops:
D:3 !   D:4 !==[!:   D:10 [

Annotations:
D:10 exclusion: orange crystal statue


Innate Abilities, Weirdness & Mutations

You have an increased reservoir of magic. (+10% MP)
You shall have no god before yourself.
Your divine heritage dramatically boosts your attributes as you level up.


Message History

* * * LOW HITPOINT WARNING * * *
The orc warrior hits you with a +0 battleaxe!
* * * LOW HITPOINT WARNING * * *
The orc priest calls down the wrath of Beogh upon you.
Beogh smites you!
* * * LOW HITPOINT WARNING * * *
You take 26 damage, and have 6/69 hp.
MASSIVE DAMAGE!!
You now have 17/24 mp.
Unknown command.
Casting: Iskenderun's Mystic Blast (dangerous; 12% risk of failure)
Confirm with . or Enter, or press ? or * to list all spells.
You erupt in a blast of force!
The mystic blast hits the orc priest!
The orc priest is almost dead.
The orc priest is knocked back by the mystic blast.
The mystic blast hits the orc!
You kill the orc!
The mystic blast hits the orc priest!!
You kill the orc priest!
The mystic blast hits the orc warrior!
The orc warrior is heavily wounded.
The orc warrior is knocked back by the mystic blast.
The orc warrior slams into the rock wall!
The orc warrior is severely wounded.
The mystic blast hits the orc warrior!
The orc warrior is moderately wounded.
The orc warrior is knocked back by the mystic blast.
The mystic blast hits the orc priest!
The orc priest is almost dead.
The orc priest is knocked back by the mystic blast.
The orc priest slams into the rock wall!
The orc priest is almost dead.
You are no longer locked in place.
You hear a bellow! x2
You now have 13/24 mp.
Casting: Iskenderun's Mystic Blast (dangerous; 12% risk of failure)
Confirm with . or Enter, or press ? or * to list all spells.
You erupt in a blast of force!
The mystic blast hits the orc priest.
You kill the orc priest!
The orc priest mumbles some strange prayers to Beogh against you.
Beogh smites you!
You die...

#.###.##... ......#
#....<..... . #.....#
#...####... .. #.o...#
##...####.##
##.#.....####.........#
.........##......#######
.....o.o.##.............
#.o)).)##.......#.##..
#@# ###.....#.##.. #.#
#.....#.##..
#.#####.....#.##..
########....##.###.#.##..
........###....###.#.##..
.................^.#.##..
..#.....#..........#.##..
.................#...##..
..#.⌠.⌠.#........#...##..


You could see 2 orc warriors, an orc priest and an orc.

Vanquished Creatures
  Amaemon (D:9)
  A gargoyle (D:10)
  An orange demon (D:9)
  Grinder (D:5)
  Prince Ribbit (D:5)
  2 hornets
  A vampire (D:9)
  4 yaks (D:9)
  2 steam dragons
  3 acid dragons
  A water moccasin (D:7)
  An ice beast (D:5)
  12 orc warriors
  A sky beast (D:6)
  2 ogres (D:5)
  5 centaurs
  A kobold brigand (D:6)
  2 bullfrogs
  3 killer bees (D:9)
  5 electric eels
  A vampire bat (D:4)
  4 howler monkeys
  3 lava snakes (D:10)
  2 jellies
  7 orc priests
  3 hounds
  A sleepcap (D:8)
  A gnoll bouda (D:4)
  An iguana (D:6)
  Jessica (D:2)
  8 orc wizards
  8 gnolls
  11 adders
  2 shadow imps (D:6)
  A white imp (D:6)
  An ufetubus (D:5)
  4 worms
  3 fire bats (D:4)
  61 orcs
  2 spectral bats (D:4)
  10 ball pythons
  16 bats
  3 bat skeletons (D:4)
  A bat zombie (D:4)
  9 endoplasms
  6 goblins
  9 hobgoblins
  7 jackals (D:4)
  2 quokkas
  A bat simulacrum (D:4)
  A frilled lizard (D:1)
  9 kobolds
  5 rats
254 creatures vanquished.

Notes
Turn   | Place    | Note
-------+----------+-------------------------------------------
     0 | D:1      | spardeous the Demigod Conjurer began the quest for the Orb.
     0 | D:1      | Reached XP level 1. HP: 14/14 MP: 5/5
   292 | D:1      | Reached XP level 2. HP: 20/20 MP: 0/7
  1094 | D:2      | Noticed Jessica
  1181 | D:2      | Learned a level 2 spell: Searing Ray
  1195 | D:2      | Killed Jessica
  1196 | D:2      | Reached XP level 3. HP: 26/26 MP: 5/9
  1737 | D:2      | Reached XP level 4. HP: 33/33 MP: 5/10
  1999 | D:2      | Learned a level 4 spell: Iskenderun's Mystic Blast
  2098 | D:2      | Reached skill level 5 in Conjurations
  2372 | D:3      | Reached XP level 5. HP: 21/38 MP: 4/12
  2454 | D:3      | Found Kereseff's Distillery.
  3467 | D:4      | Found Togepogy's Jewellery Boutique.
  3595 | D:4      | Reached XP level 6. HP: 45/45 MP: 7/14
  3747 | D:4      | Found Mamoleom's Distillery.
  3755 | D:4      | Bought a potion of curing for 39 gold pieces
  3755 | D:4      | Bought a potion of ambrosia for 104 gold pieces
  3769 | D:4      | Found Ungin's Distillery.
  3784 | D:4      | Bought a potion of degeneration for 12 gold pieces
  3784 | D:4      | Bought a potion of attraction for 36 gold pieces
  3792 | D:4      | Found Osusto's Jewellery Emporium.
  4404 | D:4      | Found Jaosmo's Tiny Tomes.
  4741 | D:4      | Found Nuohear's Armour Shop.
  5109 | D:5      | Entered Level 5 of the Dungeon
  5133 | D:5      | Reached XP level 7. HP: 22/50 MP: 4/16
  5237 | D:5      | Noticed Grinder
  5262 | D:5      | Killed Grinder
  5263 | D:5      | Reached skill level 2 in Translocations
  5418 | D:5      | Noticed Prince Ribbit
  5425 | D:5      | Reached skill level 5 in Spellcasting
  5439 | D:5      | Killed Prince Ribbit
  5440 | D:5      | Reached skill level 3 in Translocations
  5440 | D:5      | Reached XP level 8. HP: 32/57 MP: 2/19
  5905 | D:5      | Reached skill level 4 in Translocations
  6940 | D:6      | Found the +5 robe of Misfortune {Harm *Corrode *Slow EV+5}
  7042 | D:6      | Reached skill level 5 in Translocations
  7743 | D:7      | Found a flagged portal.
  7790 | D:7      | Found a staircase to the Ecumenical Temple.
  7855 | Bailey   | Entered a bailey
  8341 | Bailey   | Reached skill level 6 in Translocations
  8341 | Bailey   | Reached XP level 9. HP: 30/62 MP: 10/23
  8839 | Bailey   | Reached skill level 7 in Translocations
  9913 | D:8      | Reached skill level 8 in Translocations
 10312 | D:9      | Found a staircase to the Lair.
 10541 | D:9      | Reached skill level 9 in Translocations
 11254 | D:9      | Noticed an orange demon
 11259 | D:9      | Killed an orange demon
 11259 | D:9      | Noticed Amaemon
 11359 | D:9      | Killed Amaemon
 11360 | D:9      | Reached skill level 10 in Translocations
 11360 | D:9      | Reached XP level 10. HP: 69/69 MP: 0/24
 11705 | D:9      | Learned a level 3 spell: Stone Arrow
 11709 | D:9      | Learned a level 3 spell: Spider Form
 11992 | D:10     | Entered Level 10 of the Dungeon
 12367 | D:10     | Noticed an orange crystal statue
 12382 | D:10     | Reached skill level 1 in Transmutations
 12382 | D:10     | Reached skill level 1 in Earth Magic
 12646 | D:10     | Found Wooxif's Antique Armour Boutique.
 14049 | D:11     | Found a staircase to the Orcish Mines.
 14431 | D:11     | Killed from afar by an orc priest

Illustrated notes

Levels and vault maps discovered:
D:1:      mrwooster_arrival_statue, layout_basic,
          hellmonk_ecumenical_altar_blasted
D:2:      layout_basic, kennysheep_cluttered_room, kennysheep_generic_room_6,
          uniq_jessica
D:3:      layout_basic, kennysheep_okawaru_gauntlet,
          mainiacjoe_overflow_cross_hatched, serial_shops,
          nicolae_shop_peninsula
D:4:      layout_cave_pods, amcnicky_altar_gilded, serial_shops, shop,
          shop_statue, nicolae_shop_window_shopping, nicolae_shop_gaudy_bauble,
          nicolae_shop_stone, nicolae_shop_i_like_small_books_too,
          goddamned_bats
D:5:      layout_loops_cross, kennysheep_mini, gammafunk_temple_overflow_claw,
          uniq_prince_ribbit1, uniq_grinder
D:6:      layout_loops_ring, old_standard_altar, nicolae_gozag_seed_capital,
          hangedman_decor_lopped
D:7:      layout_rooms, mainiacjoe_overflow_concentric_impassable,
          minmay_temple_entry_wispy, enter_bailey_8
D:8:      layout_loops_ring, old_standard_altar, kennysheep_generic_room_2
D:9:      layout_irregular_city, lair_entry_dummy, kennysheep_cross_bottleneck,
          uniq_amaemon
D:10:     layout_basic, serial_shops, shop, minivault_14, disabler_island
D:11:     layout_basic, orc_0_dummy, minmay_misc_feat_roman, elyvilon_altar_5

Skill      XL: |  1  2  3  4  5  6  7  8  9 10 |
---------------+-------------------------------+-----
Spellcasting   | 2 3 4 5 6 7 |  7.2
Conjurations   | 4 5 6 7 |  7.1
Translocations | 3 6 10 | 10.6
Transmutations | 3 |  3.3
Earth Magic    | 3 |  3.3
Dodging        | |  1.7
Stealth        | |  1.7

Action                     |  1- 3 |  4- 6 |  7- 9 | 10-12 || total
---------------------------+-------+-------+-------+-------++-------
  Melee: Unarmed           |     1 |       |       |       ||     1
         Spear             |       |     6 |     5 |       ||    11
         Hand axe          |       |       |    11 |    24 ||    35
   Cast: Magic Dart        |    63 |   170 |   138 |    29 ||   400
         Searing Ray       |     2 |    14 |    59 |     6 ||    81
         Iskenderun's Myst |       |       |    27 |    36 ||    63
    Use: Potion            |       |       |     1 |       ||     1
         Scroll            |       |       |     1 |       ||     1
 Armour: Robe              |     3 |     1 |       |       ||     4
         Leather armour    |       |     8 |     3 |       ||    11
         Chain mail        |       |       |    47 |    41 ||    88
  Dodge: Dodged            |     1 |    27 |    50 |    36 ||   114
  Block: Buckler           |       |     1 |    41 |    19 ||    61
